 Dungeon Crawl Stone Soup version 0.25.1-2-g60ff931df9 (webtiles) character file.

Game seed: 12586550761016726578

10677 Curus the Spear-Bearer (level 11, -1/142 HPs)
             Began as a Grey Draconian Berserker on Aug 9, 2020.
             Was an Elder of Trog.
             Slain by a yak (6 damage)
             ... on level 10 of the Dungeon.
             The game lasted 00:57:55 (10523 turns).

Curus the Spear-Bearer (Grey Draconian Berserker)  Turns: 10523, Time: 00:57:56

Health: -1/142     AC: 16    Str: 19    XL:     11   Next: 39%
Magic:  11/11      EV: 13    Int:  9    God:    Trog [****..]
Gold:   457        SH: 14    Dex: 13    Spells: 10/10 levels left

rFire    . . .     SeeInvis +   t - +0 trident
rCold    . . .     Gourm    .   j - +2 kite shield
rNeg     + . .     Faith    .   (armour unavailable)
rPois    .         Spirit   .   B - +0 mask of the Dragon {MR+ Slay+3 SInv}
rElec    +         Reflect  +   p - +1 cloak
rCorr    .         Harm     .   n - +1 pair of gloves
MR       +++++                  (no boots)
Stlth    ..........             h - amulet of reflection
HPRegen  1.33/turn              o - ring of protection from magic
MPRegen  0.12/turn              w - ring "Baliav" {rElec rN+ MR+}

@: berserking, lethally poisoned (-1 -> -1), regenerating, very quick
A: walk through water, unfitting armour, antennae 1, hooves 1, screaming 1,
unbreathing, cold-blooded, AC +12
a: Berserk, Trog's Hand, Brothers in Arms, Renounce Religion


You were on level 10 of the Dungeon.
You worshipped Trog.
Trog was greatly pleased with you.
You were not hungry.

You visited 2 branches of the dungeon, and saw 11 of its levels.
You visited the Abyss 1 time.

You collected 457 gold pieces.

Inventory:

Hand Weapons
 a - a +1 spear
 t - a +0 trident (weapon)
Armour
 j - a +2 kite shield (worn)
 n - a +1 pair of gloves (worn)
 p - a +1 cloak (worn)
 B - the +0 mask of the Dragon (worn) {MR+ Slay+3 SInv}
   (You found it on level 10 of the Dungeon)

   It affects your accuracy and damage with ranged weapons and melee attacks
   (+3).
   It affects your resistance to hostile enchantments.
   It lets you see invisible.
Jewellery
 e - an uncursed ring of teleportation
 h - an amulet of reflection (around neck)
 o - a ring of protection from magic (left hand)
 s - an uncursed amulet of magic regeneration
 u - an uncursed amulet of guardian spirit
 w - the ring "Baliav" (right hand) {rElec rN+ MR+}
   (You found it on level 8 of the Dungeon)

   [ring of positive energy]

   It insulates you from electricity.
   It protects you from negative energy.
   It affects your resistance to hostile enchantments.
 x - an uncursed ring of ice
 y - an uncursed ring of stealth
Wands
 m - a wand of acid (9)
 C - a wand of iceblast (5)
Scrolls
 d - 3 scrolls of identify
 q - 4 scrolls of remove curse
 r - a scroll of blinking
Potions
 c - a potion of might
 f - a potion of resistance
 g - 2 potions of flight
 i - a potion of cancellation
 k - 5 potions of curing
 l - 2 potions of berserk rage
 v - a potion of magic
 z - a potion of ambrosia
 A - 2 potions of haste
Comestibles
 b - 2 rations


   Skills:
 - Level 8.8 Fighting
 - Level 14.4 Polearms
 - Level 7.3 Dodging
 + Level 0.2 Shields
 + Level 0.3 Evocations


You had 10 spell levels left.
You didn't know any spells.
Your spell library was empty.

Dungeon Overview and Level Annotations

Branches:
Dungeon (10/15)            Temple (0/1) D:4            Lair (1/6) D:10
    Orc: D:9-12

Altars:
Makhleb
The Shining One

Shops:
D:5 :   D:6 *

Annotations:
D:5 3 runed translucent doors, iamyoyoman's ghost, novice SpMo; sm0rk's ghost, novice DEAE


Innate Abilities, Weirdness & Mutations

You can walk through water.
Your dull iron-grey scales are very hard. (AC +12)
You cannot fit into any form of body armour.
You can survive without breathing.
You are cold-blooded and may be slowed by cold attacks.
You have a pair of small antennae on your head.
You have large cloven feet.
You occasionally shout uncontrollably at your foes.


Message History

You are feeling very hungry.
You feel sick.
The black mamba bites you but does no damage.
The yak gores you.
* * * LOW HITPOINT WARNING * * *
The yak closely misses you. The yak gores you but does no damage.
You block the black mamba's attack. The yak gores you but does no damage.
A red film seems to cover your vision as you go berserk!
You feel yourself moving faster!
You feel mighty!
You are starving!
You feel sick. The black mamba bites you.
* * * LOW HITPOINT WARNING * * *
You block the yak's attack. x2; The yak gores you.
* * * LOW HITPOINT WARNING * * *
The yak gores you!
* * * LOW HITPOINT WARNING * * *
You eat one of the 3 rations.
That ration really hit the spot!
You feel a strong urge to attack something.
You feel sick. You block the black mamba's attack. The yak gores you.
You die...

....#.....##....[....###....)....
......<....................)††...
..............PP[[...#.......<...
.........)....♣[♣P..P......#.....
.................................
...........P..P...P........##....
........#.....P.P....P.....######
...#....#♣.....YYY..P......#
.###..#.#....P.Y@PP..P.P...#
............P..♣.S.........
#...#..........P.P....)....
........##.......P.....##.#
....#.[###P..P.........#
...##.........P......P##
.#....####...........## ####..#
###...P.....# #.#..## ##.##


You could see a black mamba and 4 yaks.

Vanquished Creatures
  A vampire mage (Abyss:1)
  An unseen horror (D:10)
  Psyche (D:10)
  A hellwing (Abyss:1)
  Grinder (D:3)
  4 hippogriffs
  A wyvern (D:8)
  4 yaks
  A neqoxec (Abyss:1)
  A hungry ghost (D:10)
  A large abomination (Abyss:1)
  Edmund (D:3)
  2 water moccasins (D:7)
  Duvessa (D:4)
  3 porcupines
  A hornet zombie (D:8)
  2 ice beasts
  A black bear (D:9)
  3 orc warriors
  A sky beast (D:7)
  5 ogres
  2 phantoms
  5 centaurs
  3 crocodiles
  3 bullfrogs
  Dowan (D:4)
  A water moccasin zombie (D:8)
  2 scorpions
  A water moccasin skeleton (D:8)
  11 wights
  An electric eel (D:6)
  5 crimson imps
  4 small abominations (Abyss:1)
  3 centaur zombies
  2 jellies
  Crazy Yiuf (D:4)
  A bullfrog skeleton (D:8)
  2 hounds
  An iron imp (Abyss:1)
  5 orc priests
  6 orc wizards
  Jessica (D:3)
  5 iguanas
  6 worker ants
  2 worker ant zombies
  4 gnolls
  14 adders
  2 howler monkey skeletons
  2 shadow imps
  An ufetubus (Abyss:1)
  2 adder zombies
  2 worms
  2 dart slugs
  3 leopard geckos
  25 orcs
  8 giant cockroaches
  6 goblins
  6 hobgoblins
  17 jackals
  9 kobolds
  2 quokkas
  A ball python (D:8)
  8 bats
  3 frilled lizards
  A jackal zombie (D:3)
  A leopard gecko skeleton (D:3)
  A leopard gecko zombie (D:8)
  A quokka skeleton (D:5)
  7 rats
  A lurking horror (Abyss:1)
240 creatures vanquished.

Vanquished Creatures (collateral kills)
  A blizzard demon (Abyss:1)
  A two-headed ogre (D:8)
  A thrashing horror (Abyss:1)
  A basilisk (D:10)
  A porcupine (D:10)
  A crocodile (D:10)
  A gnoll sergeant (D:8)
  An orc wizard (D:10)
  A gnoll (D:8)
  A jackal (D:10)
10 creatures vanquished.

Grand Total: 250 creatures vanquished

Notes
Turn   | Place    | Note
-------+----------+-------------------------------------------
     0 | D:1      | Curus the Draconian Berserker began the quest for the Orb.
     0 | D:1      | Reached XP level 1. HP: 19/19 MP: 1/1
   109 | D:1      | Reached XP level 2. HP: 22/26 MP: 2/2
   433 | D:1      | Reached skill level 4 in Polearms
   576 | D:1      | Reached ** piety under Trog
   584 | D:1      | Reached XP level 3. HP: 26/31 MP: 3/3
   898 | D:2      | Gained mutation: You occasionally shout uncontrollably at
                  | your foes. [potion of mutation]
   898 | D:2      | Gained mutation: You have a pair of small antennae on your
                  | head. [potion of mutation]
   898 | D:2      | Gained mutation: You have large cloven feet. [potion of
                  | mutation]
  1069 | D:2      | Found a burning altar of Makhleb.
  1342 | D:2      | Reached XP level 4. HP: 38/38 MP: 4/4
  1414 | D:2      | Found a glowing golden altar of the Shining One.
  1654 | D:3      | Reached skill level 5 in Polearms
  1718 | D:3      | Reached *** piety under Trog
  1773 | D:3      | Noticed Jessica
  1781 | D:3      | Killed Jessica
  2019 | D:3      | Reached XP level 5. HP: 43/45 MP: 5/5
  2076 | D:3      | Noticed Grinder
  2097 | D:3      | Reached skill level 6 in Polearms
  2099 | D:3      | Paralysed by Grinder for 7 turns
  2107 | D:3      | HP: 1/45 [Grinder/nerve-wracking pain (8)]
  2110 | D:3      | Killed Grinder
  2110 | D:3      | Reached skill level 7 in Polearms
  2110 | D:3      | Reached XP level 6. HP: 2/51 MP: 6/6
  2496 | D:4      | Noticed Dowan
  2496 | D:4      | Noticed Edmund
  2497 | D:4      | Noticed Duvessa
  2512 | D:3      | Killed Edmund
  2512 | D:3      | Reached skill level 8 in Polearms
  2512 | D:3      | Your scales start taking on a dull iron-grey colour.
  2512 | D:3      | Reached XP level 7. HP: 35/57 MP: 7/7
  2512 | D:3      | Gained mutation: You can survive without breathing. [Grey
                  | Draconian growth]
  2770 | D:4      | Found a staircase to the Ecumenical Temple.
  2972 | D:4      | Killed Duvessa
  2978 | D:4      | Killed Dowan
  2978 | D:4      | Reached skill level 9 in Polearms
  3351 | D:4      | Found a runed translucent door.
  3352 | D:4      | Noticed Crazy Yiuf
  3658 | D:4      | Killed Crazy Yiuf
  3719 | D:5      | Entered Level 5 of the Dungeon
  3719 | D:5      | Found Wokaifeq's Book Boutique.
  4539 | D:5      | Reached XP level 8. HP: 63/63 MP: 8/8
  4582 | D:5      | Noticed sm0rk's ghost (novice DEAE)
  4582 | D:5      | Noticed iamyoyoman's ghost (novice SpMo)
  4583 | D:5      | Found a runed translucent gate.
  4583 | D:5      | Found a runed translucent gate.
  4583 | D:5      | Found a runed translucent gate.
  4942 | D:5      | Reached skill level 10 in Polearms
  5576 | D:6      | Reached skill level 11 in Polearms
  5885 | D:6      | Found Ruhowo's General Store.
  5935 | D:6      | Reached **** piety under Trog
  6154 | D:7      | Reached XP level 9. HP: 53/70 MP: 9/9
  6269 | D:7      | Reached skill level 12 in Polearms
  7055 | D:7      | Reached skill level 13 in Polearms
  7635 | D:8      | Reached skill level 14 in Polearms
  7660 | D:8      | Got a twitching marble ring
  7666 | D:8      | Noticed a two-headed ogre
  7673 | D:8      | HP: 3/70 [two-headed ogre/+0 giant club (23)]
  7677 | D:8      | Killed a two-headed ogre
  7677 | D:8      | Reached XP level 10. HP: 4/77 MP: 10/10
  8018 | D:9      | Identified the ring "Baliav" {rElec rN+ MR+} (You found it
                  | on level 8 of the Dungeon)
  9110 | D:10     | Entered Level 10 of the Dungeon
  9469 | D:10     | Found the +0 mask of the Dragon {MR+ Slay+3 SInv}
  9479 | D:10     | Reached skill level 5 in Fighting
  9815 | D:10     | Noticed Psyche
  9827 | D:10     | Cast into level 1 of the Abyss (Psyche)
  9850 | Abyss:1  | Noticed a vampire mage
  9871 | Abyss:1  | Killed a vampire mage
  9871 | Abyss:1  | Reached skill level 5 in Dodging
  9991 | Abyss:1  | Noticed a blizzard demon
  9994 | Abyss:1  | Noticed a thrashing horror
  9997 | Abyss:1  | Killed a blizzard demon
  9997 | Abyss:1  | Reached XP level 11. HP: 29/92 MP: 11/11
 10000 | Abyss:1  | Killed a thrashing horror
 10004 | D:10     | Escaped the Abyss
 10009 | D:10     | Killed Psyche
 10049 | D:10     | Killed an unseen horror
 10160 | D:10     | Found a staircase to the Lair.
 10500 | Lair:1   | Entered Level 1 of the Lair of Beasts
 10522 | D:10     | HP: 6/142 [yak (10)]
 10523 | D:10     | Slain by a yak

Illustrated notes

Levels and vault maps discovered:
D:1:      scummos_arrival_forest, layout_rooms
D:2:      layout_loops_ring, tso_altar, first_ration, bloody_makhleb
D:3:      layout_rooms, serial_undead, serial_undead_e, serial_undead_e,
          serial_undead_b, serial_undead_b, uniq_jessica, uniq_grinder
D:4:      layout_loops_ring, minmay_temple_entry_gardened_gates, uniq_duvessa,
          uniq_edmund, uniq_crazy_yiuf_cottage
D:5:      layout_loops_ring, gammafunk_ghost_cemetery, serial_shops,
          nicolae_shop_waterfront, minmay_misc_feat_encased
D:6:      layout_rooms, serial_shops, kennysheep_mini_moat, minivault_4
D:7:      layout_basic
D:8:      layout_rooms, serial_glass, glass_columns_a, glass_columns_a,
          glass_columns_a, glass_columns_b, glass_columns_a,
          unseen_surprise_small
D:9:      layout_cross
D:10:     layout_rooms, minmay_lair_entry_grove, grunt_tengu_nest,
          minmay_misc_feat_hallway, lightli_fourway_metalbox, uniq_psyche
Lair:1:   layout_misc_corridors, infiniplex_staircase_pool_2,
          minmay_lair_oklob_chamber, grunt_megastairs_3, serial_bayou_shore_a

Skill      XL: |  1  2  3  4  5  6  7  8  9 10 11 |
---------------+----------------------------------+-----
Polearms       | 4 5 7 8 9 11 14 | 14.4
Dodging        | 6 7 |  7.3
Fighting       | 7 8 |  8.8
Shields        | |  0.2
Evocations     | |  0.3

Action                   |  1- 3 |  4- 6 |  7- 9 | 10-12 || total
-------------------------+-------+-------+-------+-------++-------
Melee: Spear             |   143 |   114 |   313 |       ||   570
       Tailslap          |    10 |    11 |    78 |    47 ||   146
       Kick              |     4 |    27 |   155 |   122 ||   308
       Trident           |       |       |   233 |   380 ||   613
Invok: Trog's Hand       |       |     2 |       |     2 ||     4
       Berserk           |       |     2 |     5 |     7 ||    14
       Brothers in Arms  |       |       |     1 |     2 ||     3
Evoke: Wand              |       |       |       |     2 ||     2
  Use: Potion            |     6 |     3 |     4 |     1 ||    14
       Scroll            |     3 |     2 |     5 |     6 ||    16
 Stab: Sleeping          |     1 |     1 |     2 |     2 ||     6
       Distracted        |       |       |       |     2 ||     2
  Eat: Chunk             |     1 |     4 |    21 |     8 ||    34
       Ration            |       |     1 |       |     4 ||     5
Armor: Skin              |    34 |    29 |   135 |   111 ||   309
Dodge: Dodged            |    91 |    43 |   127 |   100 ||   361
Block: Kite shield       |       |    36 |   305 |   234 ||   575
       Reflection        |       |       |     9 |     4 ||    13
